 Dungeon Crawl Stone Soup version 0.30.1-3-gfc49f6343a (webtiles) character file.

Game seed: 6983213130928395194

2430 cheesebisquit the Grappler (level 9, -1/77 (89) HPs)
             Began as a Troll Fighter on July 20, 2023.
             Was a Follower of Cheibriados.
             Slain by a wight
             ... wielding a +0 halberd
              (8 damage)
             ... on level 7 of the Dungeon.
             The game lasted 00:14:36 (4840 turns).

cheesebisquit the Grappler (Troll Fighter)          Turns: 4840, Time: 00:14:36

HP:   -1/77 (89)    AC:  5    Str: 34    XL:     9   Next: 24%
MP:   8/8           EV:  9    Int: 15    God:    Cheibriados [*.....]
Gold: 183           SH: 14    Dex: 11    Spells: 8/8 levels left

rFire   . .          .
                       - Unarmed
rCold   . . .        b - +0 kite shield
rNeg    . . .        a - +0 robe
rPois   .            (helmet restricted)
rElec   .            g - +0 cloak
rCorr   +            (gloves unavailable)
SInv    .            (boots unavailable)
Will    .....        v - amulet of reflection
Stlth   +            f - +6 ring of strength
HPRegen 1.12/turn    h - ring of resist corrosion
MPRegen 0.11/turn

%: reflection
@: brilliant, heavily drained, very slow
A: large, unfitting armour, claws 3, regeneration 1, shaggy fur 1, tough skin 1,
horns 1, clever 1
a: Renounce Religion, Bend Time


You were on level 7 of the Dungeon.
You worshipped Cheibriados.
Cheibriados was aware of your devotion.
You visited 2 branches of the dungeon, and saw 8 of its levels.

You collected 273 gold pieces.
You spent 90 gold pieces at shops.

Inventory:

Hand Weapons
 I - a +2 morningstar
Missiles
 c - a throwing net
 i - 6 atropa-tipped darts (quivered)
 q - 15 poisoned darts
 H - a curare-tipped dart
Armour
 a - a +0 robe (worn)
 b - a +0 kite shield (worn)
 g - a +0 cloak (worn)
Jewellery
 f - a +6 ring of strength (left claw)
 h - a ring of resist corrosion (right claw)
 v - an amulet of reflection (around neck)
 C - an amulet of regeneration
 E - a +6 ring of intelligence
Wands
 o - a wand of flame (22)
 y - a wand of polymorph (9)
Scrolls
 k - 7 scrolls of identify {unknown}
 m - 4 scrolls of teleportation {unknown}
 n - 2 scrolls of amnesia {unknown}
 p - a scroll of acquirement {unknown}
 t - a scroll of fear {unknown}
 w - 6 scrolls of magic mapping {unknown}
 A - a scroll of enchant weapon {unknown}
 B - a scroll of fog
 D - a scroll of butterflies {unknown}
 F - 2 scrolls of vulnerability {unknown}
 G - a scroll of blinking {unknown}
Potions
 d - 2 potions of degeneration {unknown}
 e - a potion of flight {unknown}
 j - 2 potions of lignification {unknown}
 l - 2 potions of ambrosia {unknown}
 r - a potion of invisibility {unknown}
 s - 2 potions of brilliance
 u - 3 potions of attraction
 x - 2 potions of mutation
 z - 2 potions of curing {unknown}


   Skills:
 + Level 5.7 Fighting
 - Level 2.4 Dodging
 + Level 6.3 Shields
 * Level 9.1 Unarmed Combat


You had 8 spell levels left.
You didn't know any spells.
Your spell library contained the following spells:

 Spells                   Type           Power      Damage    Failure   Level
 Foxfire                  Conj/Fire      0%         2x1d4     41%         1
 Freeze                   Ice            0%         1d3       41%         1
 Magic Dart               Conj           0%         1d3       41%         1
 Sting                    Tmut/Pois      0%         1d3       41%         1
 Poisonous Vapours        Pois/Air       0%         N/A       54%         2
 Searing Ray              Conj           0%         2d4       54%         2
 Frozen Ramparts          Ice            0%         1d1       78%         3
 Hailstorm                Conj/Ice       0%         3d3       78%         3
 Fulminant Prism          Conj/Hex       0%         3d5       99%         4
 Olgreb's Toxic Radiance  Pois           0%         N/A       99%         4
 Fireball                 Conj/Fire      0%         3d3       100%        5
 Plasma Beam              Fire/Air       0%         2x1d11    100%        6
 Starburst                Conj/Fire      0%         6d3       100%        6


Dungeon Overview and Level Annotations

Branches:
Dungeon (7/15)             Temple (1/1) D:5

Altars:
Cheibriados
Dithmenos
Elyvilon
Hepliaklqana
Kikubaaqudgha
Nemelex Xobeh
Okawaru
Ru
Sif Muna
Trog
Uskayaw
Vehumet
Yredelemnul
Zin
The Shining One


Innate Abilities, Weirdness & Mutations

You are too large for most types of armour.
You have claws for hands.
Your natural rate of healing is unusually fast.
You are covered in fur. (AC +1)
You have tough skin. (AC +1)
You have a pair of small horns on your head.
Your mind is acute. (Int +4, Str/Dex -1)


Message History

2 wights come into view.
Found 17 gold pieces.
The wight completely misses you.
The wight hits you from afar with a +0 halberd.
You see here a bubbling pink potion.
You claw the wight!
The wight is severely damaged.
You block the wight's attack. x2
You mangle the wight!!
You destroy the wight!
Cheibriados appreciates the change of pace.
The wight hits you from afar with a +0 halberd.
You block the wight's attack. The wight hits you with a +0 halberd!
You block the wight's attack.
Things that are here:
a +2 war axe; a +0 robe The wight attacks as you move away!
You block the wight's attack. The wight attacks as you move away!
The wight closely misses you. The wight hits you with a +0 halberd.
You feel drained.
You closely miss the wight. You block the wight's attack.
The wight hits you but does no damage. The wight hits you with a +0 halberd!
You feel drained.
You barely miss the wight. The wight hits you with a +0 scimitar!
You feel drained. The wight hits you with a +0 halberd!
You feel drained.
The wight hits you with a +3 dire flail!
You feel drained.
Okay, then.
Okay, then.
It was a potion of brilliance.
You feel clever all of a sudden. You block the wight's attack.
The wight hits you with a +3 dire flail!
* * * LOW HITPOINT WARNING * * *
You feel drained.
* * * LOW HITPOINT WARNING * * *
The wight hits you with a +0 halberd!
* * * LOW HITPOINT WARNING * * *
It was a potion of mutation.
You feel extremely strange.
You feel clever. A pair of horns grows on your head!
You block the wight's attack. The wight hits you with a +0 halberd!
You die...

## .. ### ##.# #.#
..###..# #.#
#.#..)## #.#
#.#.### ###
#.###.#.###
...#.#.......#
#.#.#!#####.......
#...z....#########
#.#@z........
........z........
...##.......#####
........##...#
##.#....##.###.
#.#...## ..$. #
#..##8 . ..## ~#


You could see 3 wights.

Vanquished Creatures
  Edmund (D:6)
  A water moccasin (D:6)
  Pargi (D:4)
  An ice beast (D:6)
  A sky beast (D:7)
  3 black bears (D:6)
  3 ogres
  A phantom (D:5)
  A bullfrog (D:6)
  A kobold brigand (D:7)
  5 scorpions
  3 wights (D:7)
  2 howler monkeys
  3 jellies
  2 hounds (D:5)
  A gnoll bouda (D:6)
  An orc wizard (D:4)
  4 iguanas
  Natasha (thrice) (D:2)
  10 adders
  7 gnolls
  2 shadow imps (D:6)
  An ufetubus (D:6)
  A worm (D:5)
  7 dart slugs
  9 orcs
  5 ball pythons
  6 bats
  5 endoplasms
  2 giant cockroaches (D:4)
  6 goblins
  2 hobgoblins
  6 jackals
  4 quokkas
  A frilled lizard (D:1)
  8 kobolds
  A rat (D:2)
121 creatures vanquished.

Notes
Turn   | Place    | Note
-------+----------+-------------------------------------------
     0 | D:1      | cheesebisquit the Troll Fighter began the quest for the
                  | Orb.
     0 | D:1      | Reached XP level 1. HP: 22/22 MP: 0/0
   336 | D:1      | Reached XP level 2. HP: 28/29 MP: 1/1
   363 | D:1      | Found a faded altar of an unknown god.
   376 | D:1      | You fall into a shaft and drop 1 floor!
   786 | D:2      | Reached XP level 3. HP: 36/36 MP: 2/2
  1026 | D:2      | Noticed Natasha
  1040 | D:2      | Reached skill level 3 in Unarmed Combat
  1040 | D:2      | Killed Natasha
  1045 | D:2      | Reached XP level 4. HP: 34/44 MP: 3/3
  1056 | D:2      | Noticed Natasha
  1078 | D:2      | Killed Natasha
  1162 | D:2      | Noticed Natasha
  1165 | D:2      | Killed Natasha
  1166 | D:2      | Reached skill level 4 in Unarmed Combat
  1166 | D:2      | Reached XP level 5. HP: 47/53 MP: 4/4
  2240 | D:4      | Reached XP level 6. HP: 61/61 MP: 5/5
  2382 | D:4      | Reached skill level 5 in Unarmed Combat
  2456 | D:4      | Noticed Pargi
  2461 | D:4      | Killed Pargi
  2464 | D:4      | Reached XP level 7. HP: 68/68 MP: 6/6
  3027 | D:5      | Entered Level 5 of the Dungeon
  3138 | D:5      | Found Wusooj's CLEARANCE SALE!.
  3143 | D:5      | Bought a potion of attraction for 18 gold pieces
  3143 | D:5      | Bought a throwing net for 18 gold pieces
  3143 | D:5      | Bought a potion of heal wounds for 30 gold pieces
  3143 | D:5      | Bought a scroll of fog for 24 gold pieces
  3154 | D:5      | Found a staircase to the Ecumenical Temple.
  3162 | D:5      | Reached skill level 6 in Unarmed Combat
  3163 | Temple   | Entered the Ecumenical Temple
  3868 | D:5      | Reached skill level 5 in Shields
  3933 | D:6      | Reached skill level 7 in Unarmed Combat
  3933 | D:6      | Reached XP level 8. HP: 77/79 MP: 7/7
  4073 | D:6      | Found a snail-covered altar of Cheibriados.
  4073 | D:6      | Found a bloodstained altar of Trog.
  4073 | D:6      | Found a sparkling altar of Nemelex Xobeh.
  4094 | D:6      | Became a worshipper of Cheibriados the Contemplative
  4213 | D:6      | Noticed Edmund
  4225 | D:6      | Killed Edmund
  4290 | D:6      | Reached skill level 5 in Fighting
  4329 | D:6      | Reached skill level 8 in Unarmed Combat
  4602 | D:6      | Reached * piety under Cheibriados
  4618 | D:6      | Reached XP level 9. HP: 49/88 MP: 8/8
  4799 | D:7      | Reached skill level 9 in Unarmed Combat
  4840 | D:7      | Gained mutation: Your mind is acute. (Int +4, Str/Dex -1)
                  | [potion of mutation]
  4840 | D:7      | Gained mutation: You have a pair of small horns on your
                  | head. [potion of mutation]
  4840 | D:7      | Slain by a wight

Illustrated notes

Levels and vault maps discovered:
D:1:      minmay_arrival_checkered_box, layout_loops_ring,
          ebering_ecumenical_altar_sacrificial, minmay_misc_feat_columns,
          palyth_stone_intersect
D:2:      layout_loops_ring, uniq_natasha
D:3:      layout_basic
D:4:      layout_basic, kennysheep_big_empty_room, uniq_pargi
D:5:      layout_basic, minmay_temple_entry_hall, nicolae_shop_clearance
D:6:      old_forge, layout_rooms, gammafunk_temple_overflow_claw,
          kennysheep_generic_room_16, uniq_edmund
D:7:      layout_rooms, nzn_ghost_randoct, ebering_dispersal_statue_hall,
          uniq_menkaure
Temple:   hellmonk_temple_flake

Skill      XL: |  1  2  3  4  5  6  7  8  9 |
---------------+----------------------------+-----
Shields        | 3 4 5 6 |  6.3
Unarmed Combat | 3 4 5 7 8 9 |  9.1
Fighting       | 3 4 5 |  5.7
Dodging        | |  2.4

Action                     |  1- 3 |  4- 6 |  7- 9 || total
---------------------------+-------+-------+-------++-------
  Melee: Unarmed           |    65 |   110 |   241 ||   416
  Throw: Dart              |       |       |     1 ||     1
    Use: Potion            |       |     2 |     3 ||     5
 Armour: Robe              |    24 |    17 |    55 ||    96
  Dodge: Dodged            |    21 |    29 |    63 ||   113
  Block: Kite shield       |    25 |    48 |   165 ||   238
         Reflection        |       |       |     3 ||     3
